 Dungeon Crawl Stone Soup version 0.21-a0-142-gdd972a7 (webtiles) character file.

2615 tilp the Arsonist (level 9, -7/70 HPs)
             Began as a Hill Orc Fire Elementalist on July 22, 2017.
             Was a Believer of Okawaru.
             Mangled by a seven-headed hydra (11 damage)
             ... on level 8 of the Dungeon.
             The game lasted 00:30:15 (8772 turns).

tilp the Arsonist (Hill Orc Fire Elementalist)      Turns: 8772, Time: 00:30:17

Health: -7/70      AC:  5    Str: 17 (18) XL:     9   Next: 60%
Magic:  2/12       EV: 12    Int: 18      God:    Okawaru [**....]
Gold:   364        SH:  3    Dex: 12 (13) Spells: 2/12 levels left

rFire    . . .     SeeInvis .   q - +0 war axe
rCold    . . .     Gourm    .   M - +0 buckler
rNeg     + . .     Faith    .   x - +0 robe of the Harvest {Regen+ Str+5 Dex+2}
rPois    .         Spirit   .   h - -1 helmet (curse)
rElec    .         Reflect  .   (no cloak)
rCorr    .         Harm     .   (no gloves)
MR       +....                  o - +2 pair of boots
Stlth    ++........             z - amulet of rage
HPRegen  0.61/turn              B - ring of positive energy
MPRegen  0.13/turn              C - ring of protection from magic

@: no status effects
A: deterioration 1, strong 1, MP-powered wands
a: Heroism, Renounce Religion, Evoke Berserk Rage


You were on level 8 of the Dungeon.
You worshipped Okawaru.
Okawaru was pleased with you.
You were hungry.

You visited 2 branches of the dungeon, and saw 9 of its levels.
You also visited: Bailey.

You collected 364 gold pieces.

Inventory:

Hand Weapons
 q - a +0 war axe (weapon)
 v - a +0 trident of flaming
 A - a +0 great mace
 H - a +0 whip of electrocution
Missiles
 g - 5 tomahawks (quivered)
Armour
 a - a +0 robe
 h - a cursed -1 helmet (worn)
 n - a +0 helmet
 o - a +2 pair of boots (worn)
 x - the +0 robe of the Harvest (worn) {Regen+ Str+5 Dex+2}
   (You found it on level 4 of the Dungeon)

   It affects your strength (+5).
   It affects your dexterity (+2).
   It increases your rate of regeneration.
 F - a +0 shield
 M - a +0 buckler (worn)
Jewellery
 z - an amulet of rage (around neck)
 B - a ring of positive energy (left hand)
 C - a ring of protection from magic (right hand)
Wands
 d - a wand of random effects (5/48)
 D - a wand of flame (27/48)
 P - a wand of confusion (17/48)
 R - a wand of disintegration (10/24)
 U - a wand of confusion (18/48)
Scrolls
 e - a scroll of fog {unknown}
 i - 5 scrolls of teleportation
 j - a scroll of enchant weapon {unknown}
 p - 5 scrolls of remove curse
 w - a scroll of enchant armour {unknown}
 y - a scroll of magic mapping
 E - 2 scrolls of random uselessness {unknown}
 L - 2 scrolls of blinking {unknown}
 Q - 2 scrolls of amnesia {unknown}
 S - 2 scrolls of noise {unknown}
Potions
 f - a potion of flight {unknown}
 k - a potion of curing
 l - a potion of agility {unknown}
 m - a potion of ambrosia {unknown}
 r - a potion of cancellation {unknown}
 s - a potion of resistance {unknown}
 t - 2 potions of magic
 u - a potion of lignification {unknown}
 I - a potion of heal wounds {unknown}
 J - 2 potions of haste
 O - a potion of brilliance {unknown}
Books
 b - a book of Flames

   Spells                             Type                      Level
   a - Flame Tongue                   Conjuration/Fire             1
   b - Throw Flame                    Conjuration/Fire             2
   c - Conjure Flame                  Conjuration/Fire             3
   d - Inner Flame                    Hexes/Fire                   3
   e - Sticky Flame                   Conjuration/Fire             4
   f - Fireball                       Conjuration/Fire             5
 N - a book of Debilitation

   Spells                             Type                      Level
   a - Corona                         Hexes                        1
   b - Slow                           Hexes                        2
   c - Inner Flame                    Hexes/Fire                   3
   d - Portal Projectile              Hexes/Translocation          3
   e - Cause Fear                     Hexes                        4
   f - Leda's Liquefaction            Hexes/Earth                  4
Comestibles
 c - 10 bread rations
 G - a meat ration
 K - 3 fruits


   Skills:
 + Level 3.4 Fighting
 + Level 3.7 Axes
 + Level 3.0 Dodging
 - Level 1.5 Stealth
 - Level 2.0 Spellcasting
 * Level 7.9 Conjurations
 * Level 9.3 Fire Magic
 + Level 2.5 Invocations


You had 2 spell levels left.
You knew the following spells:

 Your Spells              Type           Power        Failure   Level  Hunger
a - Flame Tongue          Conj/Fire      ####.        1%          1    #......
b - Throw Flame           Conj/Fire      ####..       1%          2    ###....
c - Conjure Flame         Conj/Fire      ####....     2%          3    ###....
d - Sticky Flame          Conj/Fire      ####....     9%          4    #####..


Dungeon Overview and Level Annotations

Branches:
Dungeon (8/15)             Temple (1/1) D:6
   Lair: D:8-11

Altars:
Ashenzari
Dithmenos
Elyvilon
Fedhas
Gozag
Hepliaklqana
Makhleb
Nemelex Xobeh
Okawaru
Qazlal
Ru
Sif Muna
Trog
Uskayaw
Vehumet
Wu Jian
Xom
Yredelemnul
Zin
The Shining One

Annotations:
D:6 Sigmund
D:8 Gorice's ghost, novice DsNe


Innate Abilities, Weirdness & Mutations

Your body sometimes deteriorates upon taking damage.
Your muscles are strong. (Str +2)
You expend magic power (3 MP) to strengthen your wands.


Message History

The sticky flame hits the seven-headed hydra.
The seven-headed hydra is moderately wounded.
The seven-headed hydra is covered in liquid flames!
The seven-headed hydra burns!
The seven-headed hydra closely misses you.
The seven-headed hydra bites you!
The seven-headed hydra barely misses you.
The seven-headed hydra bites you! The seven-headed hydra bites you. x2
The seven-headed hydra bites you!
The seven-headed hydra burns!
The seven-headed hydra burns!
The seven-headed hydra burns!
The seven-headed hydra burns!
The seven-headed hydra burns!
The seven-headed hydra bites you!
* * * LOW HITPOINT WARNING * * *
The seven-headed hydra bites you!
* * * LOW HITPOINT WARNING * * *
Your body deteriorates!
You feel weakened. The seven-headed hydra bites you!
You die...

##.............#.#
#......###.#.##.#
#......# ..#.#
#......# ..#.#
#......#...#.#
#......#...#.#
#....#.#....
#....#.#...#
#..@.#.....
#.D..#....D.
##....# ##...###
#####.....#
+.....#
#...o.....# #)#
##.##.....# #.#
#.##.....# #D#
#.##.....# #o#
#o######## #.#


You could see a seven-headed hydra (burning) and an orc.

Vanquished Creatures
  Grinder (D:6)
  A hornet (D:7)
  Duvessa (D:7)
  2 sky beasts
  An ice beast (D:6)
  An orc warrior (D:7)
  2 phantoms (D:6)
  A black bear (D:6)
  2 ogres
  2 scorpions
  Dowan (D:7)
  A crimson imp (D:6)
  A jelly (D:7)
  2 quasits (D:7)
  A centaur zombie (D:6)
  6 hounds
  3 orc priests
  5 orc wizards
  A centaur skeleton (D:5)
  2 iguanas
  A bullfrog skeleton (D:5)
  8 worker ants
  A hound skeleton (D:4)
  12 adders
  2 shadow imps
  An ooze (D:3)
  An adder zombie (D:7)
  An adder skeleton (D:7)
  5 worms
  2 dart slugs (D:1)
  7 leopard geckos
  15 orcs
  12 bats
  6 giant cockroaches
  12 goblins
  6 hobgoblins
  8 jackals
  3 quokkas
  3 ball pythons
  6 frilled lizards
  7 kobolds
  A leopard gecko skeleton (D:4)
  A quokka skeleton (D:4)
  A quokka zombie (D:5)
  9 rats
168 creatures vanquished.

Notes
Turn   | Place    | Note
-------+----------+-------------------------------------------
     0 | D:1      | tilp the Hill Orc Fire Elementalist began the quest for the Orb.
     0 | D:1      | Reached XP level 1. HP: 14/14 MP: 3/3
   171 | D:1      | Reached XP level 2. HP: 16/20 MP: 3/5
   208 | D:1      | Learned a level 2 spell: Throw Flame
   852 | D:1      | Reached XP level 3. HP: 23/26 MP: 2/6
   857 | D:1      | Learned a level 3 spell: Conjure Flame
  1652 | D:2      | Reached XP level 4. HP: 33/33 MP: 2/7
  1810 | D:2      | Found a shattered altar of Ashenzari.
  1810 | D:2      | Found a blossoming altar of Fedhas.
  2726 | D:3      | Reached skill level 4 in Fire Magic
  2955 | D:3      | Reached XP level 5. HP: 38/38 MP: 8/8
  3558 | D:3      | Reached XP level 6. HP: 45/45 MP: 1/9
  3710 | D:3      | Found a sacrificial altar of Ru.
  3813 | D:3      | Found a basalt altar of Yredelemnul.
  3814 | D:3      | Found a hide-covered altar of Uskayaw.
  4271 | D:4      | Got a wizard robe
  4282 | D:4      | Identified the +0 robe of the Harvest {Regen+ Str+5 Dex+2} (You found it on level 4 of the Dungeon)
  4466 | D:4      | Reached skill level 5 in Conjurations
  4625 | D:4      | Reached skill level 5 in Fire Magic
  4860 | D:4      | Reached XP level 7. HP: 44/50 MP: 7/10
  5026 | D:5      | Entered Level 5 of the Dungeon
  5125 | D:5      | Found an opulent altar of Gozag.
  5180 | D:5      | You fall through a shaft!
  5180 | D:6      | Found a staircase to the Ecumenical Temple.
  5183 | D:6      | Reached skill level 6 in Fire Magic
  5204 | Temple   | Entered the Ecumenical Temple
  5217 | Temple   | Became a worshipper of Warmaster Okawaru
  5362 | D:6      | Noticed Sigmund
  5440 | D:6      | Noticed Grinder
  5622 | D:5      | Learned a level 4 spell: Sticky Flame
  5843 | D:5      | Reached skill level 7 in Fire Magic
  5884 | D:5      | Reached XP level 8. HP: 57/57 MP: 3/11
  6231 | D:6      | Reached skill level 8 in Fire Magic
  6285 | D:6      | Reached * piety under Okawaru
  6319 | D:6      | Reached skill level 1 in Axes
  6369 | D:6      | Reached skill level 1 in Fighting
  6651 | D:6      | Paralysed by Grinder for 4 turns
  6660 | D:6      | Killed Grinder
  6755 | D:6      | Reached XP level 9. HP: 67/67 MP: 5/12
  6760 | D:6      | Gained mutation: Your body sometimes deteriorates upon taking damage. [mutagenic meat]
  6762 | D:6      | Gained mutation: Your muscles are strong. (Str +2) [mutagenic meat]
  6763 | D:6      | Lost mutation: Your muscles are strong. (Str +2) [mutagenic meat]
  6764 | D:6      | Gained mutation: You expend magic power (3 MP) to strengthen your wands. [mutagenic meat]
  6765 | D:6      | Gained mutation: Your muscles are strong. (Str +2) [mutagenic meat]
  6911 | D:7      | Found a flagged portal.
  6953 | Bailey   | Entered a bailey
  7012 | Bailey   | Noticed an orc knight
  7013 | Bailey   | Noticed a kobold demonologist
  7031 | Bailey   | Noticed a sixfirhy
  7267 | D:7      | Reached skill level 1 in Invocations
  7369 | D:7      | Noticed Dowan
  7370 | D:7      | Noticed Duvessa
  7383 | D:7      | Killed Dowan
  7384 | D:7      | Killed Duvessa
  7425 | D:7      | Noticed a hornet
  7433 | D:7      | Killed a hornet
  7433 | D:7      | Reached skill level 9 in Fire Magic
  7531 | D:7      | Reached ** piety under Okawaru
  7581 | D:7      | Found a deep blue altar of Sif Muna.
  8638 | D:8      | Noticed Gorice's ghost (novice DsNe)
  8726 | D:8      | Noticed a seven-headed hydra
  8772 | D:8      | Mangled by a seven-headed hydra

Vault maps used:
D:1:      minmay_arrival_shoal_huts, minmay_misc_feat_tower, minmay_tetromino_i2
D:2:      gammafunk_temple_overflow_wave
D:3:      grunt_temple_overflow_open, serial_bayou_lake_a
D:4:      first_bread, corner_web_ring
D:5:      basic_altar
D:6:      temple_hall, uniq_sigmund, uniq_grinder
D:7:      kennysheep_orc_sif_temple, enter_bailey_3, uniq_duvessa
D:8:      cheibrodos_worm_habitat
Temple:   regret_index_temple_waves
Bailey:   bailey_axe_of_yendor_kennysheep, bailey

Skill      XL: |  1  2  3  4  5  6  7  8  9 |
---------------+----------------------------+-----
Spellcasting   | 2 |  2.0
Conjurations   | 2 3 4 5 6 7 |  7.9
Fire Magic     | 4 5 7 8 9 |  9.3
Axes           | 2 3 |  3.7
Fighting       | 2 3 |  3.4
Dodging        | 2 3 |  3.0
Invocations    | 2 |  2.5
Stealth        | |  1.5

Action                   |  1- 3 |  4- 6 |  7- 9 || total
-------------------------+-------+-------+-------++-------
Melee: Short sword       |    33 |       |       ||    33
       Spear             |    55 |   135 |       ||   190
       War axe           |       |     7 |   180 ||   187
Throw: Tomahawk          |     4 |     1 |     3 ||     8
 Cast: Flame Tongue      |    40 |    83 |   116 ||   239
       Conjure Flame     |     1 |     7 |    11 ||    19
       Throw Flame       |       |     6 |    20 ||    26
       Sticky Flame      |       |       |     9 ||     9
Invok: Heroism           |       |       |     2 ||     2
  Use: Potion            |       |     1 |       ||     1
       Scroll            |       |     2 |     4 ||     6
 Stab: Sleeping          |     2 |       |       ||     2
       Distracted        |       |       |     1 ||     1
  Eat: Chunk             |     3 |    13 |    16 ||    32
       Meat ration       |       |       |     1 ||     1
       Royal jelly       |       |       |     1 ||     1
Armor: Robe              |    17 |    62 |    83 ||   162
Dodge: Dodged            |    60 |    95 |   164 ||   319
Block: Buckler           |       |       |    17 ||    17
